 Dungeon Crawl Stone Soup version 0.28-a0-919-g0b5b508569 (webtiles) character file.

Game seed: 1909606632442699861

331 SmokeWeed the Sneak (level 6, -1/37 HPs)
             Began as a Kobold Brigand on Nov 25, 2021.
             Slain by an iguana (5 damage)
             ... on level 5 of the Dungeon.
             The game lasted 00:06:23 (4337 turns).

SmokeWeed the Sneak (Kobold Brigand)                Turns: 4337, Time: 00:06:24

Health: -1/37      AC:  5    Str:  8    XL:     6   Next: 81%
Magic:  6/6        EV: 20    Int: 14    God:
Gold:   157        SH:  0    Dex: 17    Spells: 5/5 levels left

rFire   . . .      SeeInvis .   y - +0 rapier
rCold   + . .      Faith    .   (shield restricted)
rNeg    . . .      Spirit   .   b - +0 robe
rPois   .          Reflect  .   (no helmet)
rElec   .          Harm     .   c - +1 cloak
rCorr   .          Rampage  .   (no gloves)
Will    .....                   z - +0 pair of boots
Stlth   +++++.....              (no amulet)
HPRegen 0.12/turn               i - ring of Esuig {rC+ EV+4}
MPRegen 0.10/turn               (no ring)

@: lethally poisoned (-1 -> -3)
A: small, no large weapons, nightstalker 3
a: no special abilities


You were on level 5 of the Dungeon.
You visited 1 branch of the dungeon, and saw 6 of its levels.

You collected 157 gold pieces.

Inventory:

Hand Weapons
 a - a +2 dagger
 v - a +0 long sword
 y - a +0 rapier (weapon)
Missiles
 d - 23 poisoned darts
 e - 2 curare-tipped darts
 A - 4 javelins
Armour
 b - a +0 robe (worn)
 c - a +1 cloak (worn)
 f - a +0 plate armour
 k - a +0 scale mail
 z - a +0 pair of boots (worn)
Magical Staves
 j - a staff of conjuration
Jewellery
 i - the ring of Esuig (left hand) {rC+ EV+4}
   (You found it on level 1 of the Dungeon)

   [ring of evasion]

   EV:        It affects your evasion (+4).
   rC:        It protects you from cold.
 l - a ring of willpower
 n - a ring of wizardry
 x - a ring of wizardry
Wands
 s - a wand of acid (7) (quivered)
 u - a wand of polymorph (11)
Scrolls
 o - 2 scrolls of teleportation
 r - a scroll of enchant armour
 t - a scroll of vulnerability {unknown}
 w - a scroll of brand weapon {unknown}
Potions
 g - a potion of mutation {unknown}
 h - 2 potions of attraction
 m - 2 potions of magic {unknown}
 p - a potion of curing {unknown}


   Skills:
 * Level 3.5 Fighting
 + Level 5.0 Short Blades
 + Level 2.6 Throwing
 * Level 3.4 Dodging
 + Level 7.5 Stealth


You had 5 spell levels left.
You didn't know any spells.
Your spell library contained the following spells:

 Spells                   Type           Power      Damage    Failure   Level
 Blink                    Tloc           0%         N/A       41%         2
 Scorch                   Fire           0%         2d5       41%         2
 Inner Flame              Hex/Fire       0%         N/A       65%         3
 Animate Armour           Summ/Erth      0%         N/A       96%         4
 Cause Fear               Hex            0%         N/A       96%         4
 Flame Wave               Conj/Fire      0%         3d3       96%         4
 Iskenderun's Mystic Bla  Conj/Tloc      0%         2d3       96%         4
 Summon Forest            Summ/Tloc      0%         N/A       100%        5
 Summon Cactus Giant      Summ           0%         N/A       100%        6
 Discord                  Hex            0%         N/A       100%        8


Dungeon Overview and Level Annotations

Branches:
Dungeon (6/15)
 Temple: D:4-7

Altars:
Makhleb
Ru


Innate Abilities, Weirdness & Mutations

You are small and have problems with some larger weapons.
You are completely attuned to the shadows.


Message History

The centaur is moderately wounded.
You feel sick. The centaur closely misses you. x2
The adder bites you but does no damage.
The centaur hits you but does no damage.
The centaur barely misses you.
An iguana comes into view.
The iguana hisses angrily.
You hit the centaur but do no damage.
The centaur is moderately wounded.
You feel sick. The adder bites you.
You are more poisoned.
The adder poisons you! The centaur hits you. The centaur kicks you.
You hit the centaur.
The centaur is moderately wounded.
You feel sick. The centaur closely misses you.
The centaur kicks you but does no damage.
The adder closely misses you. The centaur completely misses you. x2
The adder bites you but does no damage.
You hit the centaur but do no damage.
The centaur is moderately wounded.
You feel sick. The centaur hits you. The centaur barely misses you.
The adder completely misses you.
You closely miss the centaur.
The centaur is moderately wounded.
You feel sick. The centaur completely misses you. The centaur misses you.
The iguana barely misses you. The adder completely misses you.
The centaur completely misses you. The centaur misses you.
You hit the centaur.
The centaur is severely wounded.
You feel sick. The adder bites you.
* * * LOW HITPOINT WARNING * * *
The iguana bites you.
* * * LOW HITPOINT WARNING * * *
The centaur barely misses you.
The centaur kicks you but does no damage.
You hit the centaur.
The centaur is almost dead.
You feel sick. The adder misses you. The centaur closely misses you. x2
The iguana bites you.
You die...

##.......
#.........#
###.[........
...>.......#
#.#.....#.## ..##
..###.#....###..#
#.##........#
#....#......###
##..........@c#
###...######.Sl.#
.....## ##...#
......## #.....
.......# #..###
...)...# .......#
......## #..g..g


You could see a centaur, an iguana and an adder.

Vanquished Creatures
  2 scorpions (D:5)
  A jelly (D:6)
  A bullfrog skeleton (D:6)
  An iguana (D:5)
  5 adders (D:3)
  3 worms
  4 dart slugs
  2 orcs
  7 endoplasms
  2 giant cockroaches (D:1)
  A goblin (D:2)
  9 hobgoblins
  7 jackals
  5 ball pythons
  5 bats
  5 frilled lizards
  2 kobolds
  9 rats
71 creatures vanquished.

Notes
Turn   | Place    | Note
-------+----------+-------------------------------------------
     0 | D:1      | SmokeWeed the Kobold Brigand began the quest for the Orb.
     0 | D:1      | Reached XP level 1. HP: 12/12 MP: 1/1
   313 | D:1      | Reached XP level 2. HP: 17/17 MP: 2/2
   649 | D:1      | Found a faded altar of an unknown god.
   655 | D:1      | Identified the ring of Esuig {rC+ EV+4}
   733 | D:1      | Reached skill level 6 in Stealth
   733 | D:1      | Reached XP level 3. HP: 21/21 MP: 3/3
  1481 | D:2      | Found a sacrificial altar of Ru.
  1715 | D:2      | Reached XP level 4. HP: 25/27 MP: 4/4
  1843 | D:2      | Got Siguev's Guide on the Voyage and the Rocks
  2862 | D:3      | Found a burning altar of Makhleb.
  2980 | D:3      | Reached XP level 5. HP: 32/32 MP: 5/5
  3728 | D:4      | You fall into a shaft and drop 2 floors!
  3777 | D:6      | Reached skill level 7 in Stealth
  3889 | D:5      | Entered Level 5 of the Dungeon
  3893 | D:5      | Reached XP level 6. HP: 37/37 MP: 6/6
  4110 | D:5      | Reached skill level 5 in Short Blades
  4337 | D:5      | Slain by an iguana

Illustrated notes

Levels and vault maps discovered:
D:1:      shiori_arrival_maze, layout_loops_cross,
          hellmonk_ecumenical_altar_lost_god
D:2:      layout_basic, basic_altar, corexii_leaking_fountain, minivault_19,
          minmay_misc_feat_nine_boxes, hex_intersection
D:3:      layout_basic, mainiacjoe_overflow_small_starburst,
          minmay_close_crescents
D:4:      layout_basic, nrook_mini_backslash, nicolae_shop_dragon_depot,
          minmay_pentangle
D:5:      layout_rooms, kennysheep_little_box, temple_hall, uniq_ijyb
D:6:      layout_gridville, nicolae_uskayaw_dance_hall,
          nicolae_dithmenos_the_darkroom, serial_shops,
          nicolae_shop_hallway_plus

Skill      XL: |  1  2  3  4  5  6 |
---------------+-------------------+-----
Stealth        | 6 7 |  7.5
Short Blades   | 3 4 5 |  5.0
Dodging        | 2 3 |  3.4
Fighting       | 3 |  3.5
Throwing       | |  2.6

Action                   |  1- 3 |  4- 6 || total
-------------------------+-------+-------++-------
Melee: Dagger            |   161 |    74 ||   235
       Rapier            |       |    81 ||    81
Evoke: Wand              |       |     1 ||     1
  Use: Scroll            |       |     6 ||     6
 Stab: Sleeping          |    12 |    15 ||    27
Armor: Plate armour      |    11 |       ||    11
       Robe              |    18 |    20 ||    38
Dodge: Dodged            |    89 |   136 ||   225

Table legend: (Time is in decaauts)
 A = Elapsed time spent in this place.
 B = Non-inter-level travel time spent in this place.
 C = Inter-level travel time spent in this place.
 D = Time resting spent in this place.
 E = Time spent auto-exploring this place.
 F = Levels seen in this place.
 G = Mean time per level.
                   A        B        C        D        E       F      G
               +--------+--------+--------+--------+--------+-----+--------+
         Total |   4293 |   4293 |      0 |    639 |   2770 |   6 |  715.5 |
       Dungeon |   4293 |   4293 |      0 |    639 |   2770 |   6 |  715.5 |
               +--------+--------+--------+--------+--------+-----+--------+

Top non-repeatable levels by time:
     D:2: 1239 daAuts
     D:1: 1191 daAuts
     D:3: 1126 daAuts
     D:5: 445 daAuts
     D:6: 160 daAuts
     D:4: 129 daAuts
